[Event "84th Georgian Championship 2025"]
[Site "Tbilisi"]
[Date "2025.02.05"]
[Round "3.4"]
[White "Nigalidze, Gaioz"]
[Black "Mchedlishvili, Mikheil"]
[Result "0-1"]
[Annotator "TA"]
[ECO "B90"]
[WhiteElo "2378"]
[BlackElo "2568"]
[PlyCount "84"]
[EventDate "2025.02.03"]
[EventType "tourn"]
[EventCountry "GEO"]
[SourceTitle "playchess.com"]
[Source "ChessBase"]
[SourceQuality "1"]
[TimeControl "40/5400+30:1800+30"]

1. e4 c5 2. Nf3 d6 3. d4 cxd4 4. Nxd4 Nf6 5. Nc3 a6 6. Be3 e5 7. Nb3 Be7 8. f3 Be6 9. Qd2 h5 10. O-O-O Nbd7 11. Kb1 Rc8 12. Nd5 {[%emt 0:03:32] B90: Sicilian Najdorf: Unusual White 6th moves, 6 Be3 Ng4 and 6 Be3 e5.} Bxd5 13. exd5 Nb6 {[%emt 0:00:27] Prevents c4} 14. Qa5 {[%emt 0:07:19] The position is equal.} Qc7 15. Rd2 $146 (15. c3 Bd8 16. h4 Nbxd5 17. Qxc7 Bxc7 18. Bg5 O-O 19. g3 Ne7 20. Bg2 Rb8 21. f4 exf4 22. Bxf6 gxf6 23. gxf4 {½-½ Aronian,L (2772)-Giri,A (2776) Bucharest Superbet rapid 2019 (9)}) 15... Bd8 16. Ka1 (16. Bxb6 $11 {keeps the balance.} Qxb6 17. Qa4+ Kf8 18. Bd3) 16... h4 (16... Nbxd5 $17 17. Rxd5 Qc6 18. Rxe5+ dxe5 19. Qxe5+ Be7) 17. Be2 Nc4 (17... Nbxd5 {with more complications.} 18. Rxd5 Qc6 19. Rxe5+ dxe5 20. Qxe5+ Qe6) 18. Qxc7 Rxc7 19. Bxc4 Rxc4 20. c3 Nd7 21. Re1 f5 22. Kb1 Kf7 23. Kc2 g5 {[%emt 0:00:48] Black continues to play with concentration.} 24. h3 Kg6 25. Kd3 b5 26. Rdd1 Bb6 27. Bxb6 Nxb6 28. Ke2 Rhc8 29. a3 R4c7 30. Kf2 Nc4 31. Re2 Kh5 32. Nc1 Rg7 {[%emt 0:02:01] Black is more active.} 33. Nd3 a5 34. Kf1 g4 {[%emt 0:03:15] Black has a king side majority} 35. fxg4+ fxg4 36. hxg4+ Rxg4 {[%emt 0:00:19] Threatens to win with ...Rg3.} 37. Ne1 (37. Nf2 $17 {might work better.} Rg3 38. Rde1) 37... Rg3 38. Rd3 Rf8+ 39. Rf2 $2 {[%emt 0:01:10] [#]} (39. Kg1) 39... Rxf2+ $19 {[%emt 0:00:48] Black is clearly winning.} ({Not} 39... Nxb2 40. Rxf8 Nxd3 41. Rh8+ Kg6 42. Rg8+ (42. Rxh4 $2 {perishes.} Nxe1 43. Kxe1 Rxc3 $19) 42... Kf5 43. Rxg3 Nxe1 44. Rh3 $14) 40. Kxf2 Nxb2 41. Rxg3 hxg3+ 42. Kxg3 Na4 {[%emt 0:00:28] Weighted Error Value: White=0.34/Black=0.13 (very precise)   Mistake:       	White=3     	Black=1      Inaccurate:     	White=4     	---        OK:         	White=6     	Black=15     Best:        	White=1     	Black=2} 0-1

[Event "84th Georgian Championship 2025"]
[Site "Tbilisi"]
[Date "2025.02.05"]
[Round "3.5"]
[White "Petriashvili, Nikoloz"]
[Black "Gagunashvili, Merab"]
[Result "1/2-1/2"]
[Annotator "TA"]
[ECO "C42"]
[WhiteElo "2450"]
[BlackElo "2541"]
[PlyCount "53"]
[EventDate "2025.02.03"]
[EventType "tourn"]
[EventCountry "GEO"]
[SourceTitle "playchess.com"]
[Source "ChessBase"]
[SourceQuality "1"]
[TimeControl "40/5400+30:1800+30"]

1. e4 e5 2. Nf3 Nf6 3. Nxe5 d6 4. Nf3 Nxe4 5. d4 d5 6. Bd3 Bd6 7. O-O O-O 8. c4 c6 9. Re1 Bf5 10. Qc2 Na6 11. a3 {[%emt 0:00:01] Prevents Nb4} Bg6 12. c5 {[%emt 0:06:18] White has an edge.} Bb8 13. Nbd2 Nf6 14. b4 Nc7 15. Bxg6 hxg6 16. Ng5 Re8 17. Bb2 (17. Rxe8+ {simplifies} Qxe8 18. Ndf3 Ne6 19. Bd2) 17... Nh7 18. Rxe8+ Nxe8 19. Nxh7 Kxh7 20. Qb3 Nc7 21. Qh3+ Kg8 {[%emt 0:00:00] The position is equal.} 22. Re1 Ne6 23. Rxe6 fxe6 24. Qxe6+ Kh7 25. Qh3+ (25. Nf3 $5 Bf4 $8 26. Qh3+ Bh6 27. Bc1 $11) 25... Kg8 26. Qe6+ Kh7 27. Qh3+ {[%emt 0:00:04] An uneventful encounter.   Weighted Error Value: White=0.06 (flawless) /Black=0.07 (flawless) .  Inaccurate:     	White=2     	Black=1      OK:         	White=7     	Black=5      Best:        	---       	Black=2} (27. Nf3 $5 Bf4 $8 28. Qh3+ Bh6 29. Bc1 $11) 1/2-1/2

[Event "84th Georgian Championship 2025"]
[Site "Tbilisi"]
[Date "2025.02.06"]
[Round "4.1"]
[White "Mchedlishvili, Mikheil"]
[Black "Pantsulaia, Levan"]
[Result "1/2-1/2"]
[Annotator "TA"]
[ECO "B19"]
[WhiteElo "2568"]
[BlackElo "2522"]
[PlyCount "35"]
[EventDate "2025.02.03"]
[EventType "tourn"]
[EventCountry "GEO"]
[SourceTitle "playchess.com"]
[Source "ChessBase"]
[SourceQuality "1"]
[TimeControl "40/5400+30:1800+30"]

1. e4 c6 2. d4 d5 3. Nd2 dxe4 4. Nxe4 Bf5 5. Ng3 Bg6 6. h4 h6 7. Nf3 Nd7 8. Bd3 Bxd3 9. Qxd3 e6 10. Bf4 Qa5+ 11. Bd2 Qc7 12. O-O-O Ngf6 13. Ne4 O-O-O 14. Kb1 Nxe4 15. Qxe4 Bd6 16. c4 {[%emt 0:02:01] White is slightly better.} Nf6 17. Qe2 c5 18. Bc3 {[%emt 0:00:13] White took control after the opening.   Weighted Error Value: White=0.08 (flawless) /Black=0.12 (very precise) .  Inaccurate:     	---       	Black=1      OK:         	White=3     	Black=1} 1/2-1/2

[Event "84th Georgian Championship 2025"]
[Site "Tbilisi"]
[Date "2025.02.06"]
[Round "4.2"]
[White "Tutisani, Noe"]
[Black "Quparadze, Giga"]
[Result "1/2-1/2"]
[Annotator "TA"]
[ECO "B45"]
[WhiteElo "2439"]
[BlackElo "2537"]
[PlyCount "57"]
[EventDate "2025.02.03"]
[EventType "tourn"]
[EventCountry "GEO"]
[SourceTitle "playchess.com"]
[Source "ChessBase"]
[SourceQuality "1"]
[TimeControl "40/5400+30:1800+30"]

1. e4 c5 2. Nf3 e6 3. d4 cxd4 4. Nxd4 Nf6 5. Nc3 Nc6 6. Ndb5 Bb4 7. a3 Bxc3+ 8. Nxc3 d5 9. Bd3 dxe4 10. Nxe4 Nxe4 11. Bxe4 Qxd1+ 12. Kxd1 Bd7 13. a4 O-O-O 14. Be3 Nd4 15. Bxd4 {[%emt 0:15:24] A strong pair of Bishops. White has an edge.} Bc6 {[%emt 0:00:10] [#]} 16. c3 $1 Bxe4 17. Ke2 Bxg2 18. Rhg1 e5 19. Bxa7 Be4 20. Bb6 (20. Rxg7 $14 Bd3+ 21. Ke3) 20... Rd6 $11 21. a5 Bg6 22. Ra4 Kd7 23. Rb4 f5 24. f3 f4 25. h4 Re8 26. Ba7 Kc8 27. Rc4+ ({White should try} 27. Ke1 $1 $14) 27... Kd7 {[%emt 0:01:15] [#] Hoping for ...Bd3+.} 28. Rb4 Kc8 29. Rc4+ {[%emt 0:00:03] Weighted Error Value: White=0.16 (very precise) /Black=0.12 (very precise) .  Mistake:       	White=2     	---        Inaccurate:     	White=1     	Black=2      OK:         	White=8     	Black=6      Best:        	---       	Black=2} 1/2-1/2

[Event "84th Georgian Championship 2025"]
[Site "Tbilisi"]
[Date "2025.02.06"]
[Round "4.3"]
[White "Kacharava, Nikolozi"]
[Black "Paichadze, Luka"]
[Result "1/2-1/2"]
[Annotator "TA"]
[ECO "B12"]
[WhiteElo "2524"]
[BlackElo "2532"]
[PlyCount "72"]
[EventDate "2025.02.03"]
[EventType "tourn"]
[EventCountry "GEO"]
[SourceTitle "playchess.com"]
[Source "ChessBase"]
[SourceQuality "1"]
[TimeControl "40/5400+30:1800+30"]

1. e4 c6 2. d4 d5 3. e5 Bf5 4. g4 Be4 5. f3 Bg6 6. e6 {[%emt 0:00:17] B12: Caro-Kann: Advance Variation.} fxe6 7. h4 {[%emt 0:00:32] [#]} c5 $1 8. h5 {[%emt 0:02:35] Black has an edge.} Bf7 9. f4 Nc6 10. Nf3 cxd4 11. Ne5 Qd6 $146 (11... Nxe5 12. fxe5 Qa5+ 13. Bd2 Qb6 14. Na3 a6 15. Qf3 Nf6 16. exf6 exf6 17. O-O-O Be7 {0-1 Bravo Mallco,K (2074)-Mou,I (2257) American Continental (Women) 15th 2024 (2)}) 12. Qe2 Nf6 (12... Nh6 $5) 13. Nd2 Rc8 14. Ndf3 {[%emt 0:23:42] White sacrificed a pawn} Ne4 15. Qb5 Rc7 16. a3 a6 17. Qd3 {[%emt 0:00:38] A sharp opening} Nxe5 18. Nxe5 Qc5 (18... Qb6 $11) 19. Bd2 (19. Rh2 $1 $14) 19... g5 {[%emt 0:05:37] ...Bg7 would now be deadly. The position is equal.} 20. hxg6 (20. fxg5 Bg7 (20... Qxc2 21. Qxc2 Rxc2 22. Bd3 $11) 21. Nxf7 Kxf7 22. g6+ hxg6 23. hxg6+ Kxg6 24. Rxh8 Bxh8 $19) 20... Bg8 21. Bg2 Bg7 22. Bxe4 dxe4 23. Qxe4 {[%emt 0:00:02] aiming for 0-0-0.} Qd5 24. Qxd5 exd5 25. O-O-O hxg6 26. Rxh8 (26. Nxg6 Rxh1 27. Rxh1 Bf7 $17) 26... Bxh8 27. Ba5 {[%emt 0:00:18] [#]} Bxe5 28. fxe5 $11 {[%emt 0:00:04][%mdl 4096] Endgame KRB-KRB. Black is a pawn up.} Rc4 29. b3 Rc5 30. Bb6 Rc3 31. Rd3 Be6 32. Rxc3 dxc3 33. g5 Kd7 34. Bd4 $1 Bg4 35. Bxc3 Ke6 36. Bb4 $1 Kxe5 {[%emt 0:14:07] Weighted Error Value: White=0.10 (very precise) /Black=0.12 (very precise)   Mistake:       	White=1     	Black=1      Inaccurate:     	White=1     	Black=1      OK:         	White=11    	Black=10     Best:        	White=4     	Black=1      Strong:       	White=2     	---} 1/2-1/2

[Event "84th Georgian Championship 2025"]
[Site "Tbilisi"]
[Date "2025.02.06"]
[Round "4.4"]
[White "Petriashvili, Nikoloz"]
[Black "Nigalidze, Gaioz"]
[Result "1/2-1/2"]
[Annotator "TA"]
[ECO "D70"]
[WhiteElo "2450"]
[BlackElo "2378"]
[PlyCount "87"]
[EventDate "2025.02.03"]
[EventType "tourn"]
[EventCountry "GEO"]
[SourceTitle "playchess.com"]
[Source "ChessBase"]
[SourceQuality "1"]
[TimeControl "40/5400+30:1800+30"]

1. d4 d5 2. Nf3 Nf6 3. c4 c6 4. Nbd2 g6 5. e3 Bg7 6. b3 {[%emt 0:00:51] D70: Grünfeld: Unusual White 3rd moves (met by ...d5).} O-O 7. Bb2 Ne4 8. Be2 {[%emt 0:01:14] White has an edge.} Qa5 9. a3 Nxd2 $146 (9... Nc3 10. Bxc3 Qxc3 11. O-O Bf5 12. Nh4 Bd3 13. Rc1 Bxe2 14. Qxe2 Qa5 15. cxd5 cxd5 {½-½ Stahlberg,G-Gershman,J Circulo de Ajedrez International 1939 (10)}) 10. Nxd2 dxc4 11. b4 {[%emt 0:04:38] White sacrificed a pawn} Qd5 12. e4 Qd8 13. Nxc4 Be6 14. O-O Bxc4 15. Bxc4 Nd7 16. Qd2 a5 {[%emt 0:04:45] The position is equal.} 17. Bc3 axb4 18. axb4 Rxa1 19. Rxa1 e5 20. d5 {[%emt 0:05:36] [#] and dxc6 should not be overlooked} Nb6 21. Bb3 {[%emt 0:00:04] This pair of bishops is nice.} cxd5 22. Bxd5 Nxd5 23. Qxd5 Qxd5 24. exd5 $11 {[%emt 0:00:02][%mdl 4096] Endgame KRB-KRB} Rd8 25. Ra5 e4 26. Bxg7 Kxg7 {[%emt 0:01:23] KR-KR} 27. Rb5 Rd7 28. g4 Kf6 29. d6 Ke6 30. Kf1 (30. g5 Kxd6 31. Kf1 Kc6 32. Rc5+) 30... f5 (30... Rxd6 31. Rxb7 Rd2 32. h4) (30... Kxd6 {simplifies} 31. Ke2 Kc6 32. Rc5+ Kb6) 31. gxf5+ gxf5 32. f3 exf3 33. Kf2 Rf7 34. Kxf3 Kxd6 35. Kf4 Kc6 36. Rc5+ Kb6 37. h4 Rd7 38. Rxf5 Rd4+ 39. Kg5 Rxb4 40. Rf6+ Ka5 41. Rh6 Rb5+ 42. Kg4 Rb4+ 43. Kg5 Rb5+ 44. Kg4 {[%emt 0:00:01] A balanced but interesting game.   Weighted Error Value: White=0.03 (flawless) /Black=0.02 (flawless)   OK:         	White=21    	Black=18     Best:        	White=1     	---} 1/2-1/2

[Event "84th Georgian Championship 2025"]
[Site "Tbilisi"]
[Date "2025.02.06"]
[Round "4.5"]
[White "Gagunashvili, Merab"]
[Black "Sanikidze, Tornike"]
[Result "0-1"]
[Annotator "TA"]
[ECO "E60"]
[WhiteElo "2541"]
[BlackElo "2432"]
[PlyCount "190"]
[EventDate "2025.02.03"]
[EventType "tourn"]
[EventCountry "GEO"]
[SourceTitle "playchess.com"]
[Source "ChessBase"]
[SourceQuality "1"]
[TimeControl "40/5400+30:1800+30"]

1. d4 Nf6 2. c4 g6 3. g3 c5 4. dxc5 Na6 5. Nc3 Nxc5 6. Bg2 {[%emt 0:01:07] E60: King's Indian: Unusual lines and Fianchetto Variation without Nc3.} Bg7 7. Nh3 d6 8. Nf4 {[%emt 0:00:20] White has an edge.} O-O 9. O-O Bd7 10. h3 Bc6 11. Be3 $146 (11. Nfd5 Nxd5 12. cxd5 Bd7 13. Be3 Rc8 14. Rc1 a5 15. Qd2 b5 16. Kh2 f5 17. Bd4 Bxd4 18. Qxd4 {1-0 Doshi,M (2332)-Bulgankhan,G (2017) Wch FIDE Online U18 Asia qual rapid 2020 (2)}) 11... Bxg2 12. Kxg2 a6 13. Rc1 b5 14. b4 Ncd7 15. Qb3 (15. cxb5 $14 axb5 16. Nxb5) 15... bxc4 $11 16. Qxc4 e6 17. Nd3 Qb8 18. Qb3 Rc8 19. Na4 Qb7+ 20. f3 e5 (20... Nd5 $15 21. Bd2 Rcb8) 21. Rxc8+ Rxc8 22. Rc1 Re8 (22... Rxc1 $15 23. Bxc1 e4) 23. Nf2 (23. Nc3 $11) 23... e4 $15 24. Rd1 Qb5 $1 (24... exf3+ $6 25. exf3 Ne5 26. Bd4 $11) 25. Nc3 exf3+ 26. exf3 Rxe3 27. Nxb5 Rxb3 28. axb3 axb5 29. Rxd6 Bf8 30. Ra6 Bxb4 31. Nd3 Bc3 32. b4 Nd5 33. Ra5 Nxb4 34. Nxb4 Bxb4 35. Rxb5 Bc3 36. h4 ({White should play} 36. g4 $15) 36... h5 $1 $17 37. g4 {[%emt 0:03:41] [#]} Nf6 $1 38. Kh3 Kg7 39. Rb3 Nd5 (39... Bd4 $17 40. Rb5 Be3) 40. gxh5 $15 gxh5 41. Rb5 $1 Nf6 42. Rb3 (42. f4 $1 $15) 42... Bd2 $19 43. Rb2 Be3 (43... Bh6 $19 44. Rb5 Kg6) 44. Rb3 (44. Rb5 $17 {keeps fighting.}) 44... Nd5 45. Rb5 Nf4+ 46. Kg3 f6 {[%emt 0:00:01] Prevents Re5.} 47. Rb3 Ne2+ 48. Kg2 Bd4 49. Rb5 Kg6 50. Ra5 Be5 51. Ra4 Kf5 52. Kf2 Nf4 53. Kg3 Ne6+ 54. Kf2 Kg6 55. Kg2 Ng7 56. Kh3 Nf5 57. Ra2 $2 (57. Ra8) 57... Nd4 58. Kg2 {[%emt 0:00:28] [#]} Kf5 $1 59. Ra8 Kf4 60. Ra4 f5 {[%emt 0:00:36] Threatens to win with ...Bf6.} 61. Ra3 Nc2 62. Rb3 $2 (62. Ra4+ Ke3 63. Ra6) 62... Bf6 63. Kh3 Bd4 64. Rb7 Ne1 65. Rh7 Nxf3 66. Rxh5 Bf6 67. Kg2 Nxh4+ 68. Kf2 Kg4 69. Rh6 Bd4+ 70. Kf1 f4 {[%emt 0:00:06] ( -> ...f3)} 71. Ra6 f3 72. Ra3 Nf5 73. Rxf3 Kxf3 74. Ke1 Ng3 75. Kd2 Ke4 76. Kc2 Nf5 77. Kd2 Ng3 78. Kc2 $1 Kd5 79. Kd3 Kc5 80. Kc2 Kc4 81. Kd2 Bf2 82. Kc2 Be1 83. Kd1 Bb4 84. Kc2 Bc3 85. Kd1 Kd3 86. Kc1 Ne2+ 87. Kd1 Nd4 88. Kc1 Ke2 89. Kb1 Kd1 90. Ka2 Bb4 {[%emt 0:00:03] Black mates.} 91. Kb2 Kd2 92. Kb1 Ba3 93. Ka2 Bc1 94. Kb1 Kd1 95. Ka2 Kc2 {[%emt 0:00:03] Weighted Error Value: White=0.19 (very precise) /Black=0.06 (flawless)   Mistake:       	White=7     	Black=4      Inaccurate:     	White=3     	Black=1      OK:         	White=12    	Black=27     Best:        	White=4     	Black=9      Strong:       	White=1     	Black=4} 0-1

[Event "84th Georgian Championship 2025"]
[Site "Tbilisi"]
[Date "2025.02.07"]
[Round "5.1"]
[White "Pantsulaia, Levan"]
[Black "Petriashvili, Nikoloz"]
[Result "1-0"]
[Annotator "TA"]
[ECO "A07"]
[WhiteElo "2522"]
[BlackElo "2450"]
[PlyCount "61"]
[EventDate "2025.02.03"]
[EventType "tourn"]
[EventCountry "GEO"]
[SourceTitle "playchess.com"]
[Source "ChessBase"]
[SourceQuality "1"]
[TimeControl "40/5400+30:1800+30"]

1. Nf3 d5 2. g3 g6 3. Bg2 Bg7 4. O-O e5 5. c4 dxc4 6. Qa4+ Nc6 7. Qxc4 {[%emt 0:00:08] A07: Réti Opening: New York and Capablanca Systems.} (7. Nxe5 $1 $11 Bxe5 8. Bxc6+ bxc6 9. Qxc6+ Bd7 10. Qe4) 7... Nge7 $15 8. d3 h6 9. a3 {[%emt 0:06:10] Black has an edge.} Be6 10. Qc2 O-O 11. Nbd2 Bd5 $146 (11... a5 $15) (11... a5 12. Rb1 g5 13. h3 Ng6 14. b4 axb4 15. axb4 Ra2 16. Qd1 Bd5 17. b5 Nce7 {0-1 Hjartarson,J (2523)-Lazavik,D (2438) Titled Tuesday intern op 06th Apr blitz 2021 (10)}) 12. e4 $11 Be6 13. b4 g5 14. Nb3 a6 15. Be3 b6 16. h4 g4 17. Nfd2 a5 18. bxa5 Nxa5 19. a4 Nec6 20. Nxa5 Nxa5 21. Rfb1 Qd7 22. Bf1 Rad8 (22... h5 {is superior.}) 23. Nc4 {[%emt 0:07:38] and Nxa5 would now be decisive} f5 $2 {[%emt 0:01:42] [#] A mistake that costs the game.} (23... Ra8 $11) 24. Nxa5 $18 bxa5 25. exf5 Bxf5 26. Ra3 Rfe8 27. Rc3 Re7 28. Rb7 e4 $2 {[%emt 0:01:53] [#]} (28... Rc8 29. Rc5 Rf7) 29. Rcxc7 exd3 30. Rxd7 dxc2 31. Rxd8+ {[%emt 0:00:14] Weighted Error Value: White=0.06 (flawless) /Black=0.84  Loses game:     	---       	Black=1      Mistake:       	---       	Black=3      Inaccurate:     	White=1     	Black=2      OK:         	White=9     	Black=9      Best:        	White=5     	---} (31. Bc4+ $142 Kh7 32. Rxe7 Kh8 33. Rxg7 Rd1+ 34. Kh2 Rh1+ 35. Kxh1 c1=Q+ 36. Bxc1 Be4+ 37. Kh2 Bxb7 38. Rxb7 h5 39. Bb2#) 1-0

[Event "84th Georgian Championship 2025"]
[Site "Tbilisi"]
[Date "2025.02.07"]
[Round "5.2"]
[White "Quparadze, Giga"]
[Black "Kacharava, Nikolozi"]
[Result "1-0"]
[Annotator "RC"]
[ECO "B30"]
[WhiteElo "2537"]
[BlackElo "2524"]
[PlyCount "95"]
[EventDate "2025.02.03"]
[EventType "tourn"]
[EventCountry "GEO"]
[SourceTitle "playchess.com"]
[Source "ChessBase"]
[SourceQuality "1"]
[TimeControl "40/5400+30:1800+30"]

1. e4 c5 2. Nf3 Nc6 3. Bb5 e6 4. Bxc6 bxc6 5. b3 f6 6. Bb2 Nh6 7. O-O Nf7 8. d3 e5 9. Nfd2 d5 10. Nc3 Be7 11. Na4 Ng5 12. f3 O-O 13. Qe2 Ne6 14. Qf2 Nd4 15. Rac1 f5 16. exd5 cxd5 17. c4 Bh4 18. g3 Bg5 19. Nxc5 Qa5 20. f4 Qxc5 21. Bxd4 exd4 22. fxg5 Bb7 23. Nf3 dxc4 24. Rxc4 Qb6 25. Nxd4 Rad8 26. h4 Bd5 27. Ra4 Ba8 28. Kh2 Rd5 29. Rc4 g6 30. Re1 Rfd8 31. Qe3 Bb7 32. Nc6 Bxc6 33. Qe6+ Kh8 34. Rxc6 Qf2+ 35. Kh3 R5d7 36. Qe5+ Kg8 37. Re6 Rf8 38. Re8 Qd4 39. Qe6+ Kg7 40. Rxf8 Kxf8 41. Rc1 Qg4+ 42. Kh2 Qd4 43. Kh3 Qg4+ 44. Kg2 Qd4 45. Rc8+ Rd8 46. Rc7 Qd5+ 47. Qxd5 Rxd5 48. Rxh7 1-0

[Event "84th Georgian Championship 2025"]
[Site "Tbilisi"]
[Date "2025.02.07"]
[Round "5.3"]
[White "Sanikidze, Tornike"]
[Black "Tutisani, Noe"]
[Result "1/2-1/2"]
[Annotator "TA"]
[ECO "D02"]
[WhiteElo "2432"]
[BlackElo "2439"]
[PlyCount "59"]
[EventDate "2025.02.03"]
[EventType "tourn"]
[EventCountry "GEO"]
[SourceTitle "playchess.com"]
[Source "ChessBase"]
[SourceQuality "1"]
[TimeControl "40/5400+30:1800+30"]

1. Nf3 d5 2. g3 Nf6 3. Bg2 g6 4. O-O Bg7 5. d4 O-O 6. a4 {[%emt 0:06:07] D02: 1 d4 d5 2 Nf3 sidelines, including 2...Nf6 3 g3 and 2...Nf6 3 Bf4.} Nc6 7. a5 Ne4 8. c3 {[%emt 0:08:57] White has an edge.} Rb8 $146 (8... e5 9. Nxe5 Nxe5 10. dxe5 Bxe5 11. c4 c6 12. cxd5 cxd5 13. Nd2 Nxd2 14. Bxd2 Bxb2 {½-½ Predke,A (2584)-Gharibyan,M (2382) Wch Rapid Almaty 2022 (1)}) 9. Bf4 h6 10. Nbd2 g5 11. Be3 f5 12. Nxe4 dxe4 {[%emt 0:01:24] [#]} 13. Ne5 Nxe5 $15 14. dxe5 Qxd1 15. Rfxd1 b6 16. axb6 axb6 17. f4 exf3 18. exf3 {[%emt 0:00:02] [#]} f4 $1 19. gxf4 gxf4 20. Bd4 c5 21. Bf2 Bxe5 22. Bf1 Kh8 (22... Bd6 $15 {deserves consideration.}) 23. Bh4 $1 $11 Bd6 24. Kf2 Bf5 25. Ra7 Ra8 26. Rda1 Rxa7 27. Rxa7 Rd8 28. Rb7 {[%emt 0:07:44] The position is equal.} Kg7 29. Rxb6 Kf7 30. Bc4+ {[%emt 0:00:59] Weighted Error Value: White=0.12 (very precise) /Black=0.07 (flawless)   Mistake:       	White=1     	Black=1      Inaccurate:     	White=1     	Black=2      OK:         	White=8     	Black=7      Best:        	White=1     	Black=5      Strong:       	White=1     	Black=1} 1/2-1/2

[Event "84th Georgian Championship 2025"]
[Site "Tbilisi"]
[Date "2025.02.07"]
[Round "5.4"]
[White "Nigalidze, Gaioz"]
[Black "Gagunashvili, Merab"]
[Result "1/2-1/2"]
[Annotator "TA"]
[ECO "C84"]
[WhiteElo "2378"]
[BlackElo "2541"]
[PlyCount "74"]
[EventDate "2025.02.03"]
[EventType "tourn"]
[EventCountry "GEO"]
[SourceTitle "playchess.com"]
[Source "ChessBase"]
[SourceQuality "1"]
[TimeControl "40/5400+30:1800+30"]

1. e4 e5 2. Nf3 Nc6 3. Bb5 a6 4. Ba4 Nf6 5. O-O Be7 6. d3 b5 7. Bb3 d6 8. h3 O-O 9. a4 Bb7 10. c3 Na5 11. Ba2 c5 12. Bg5 Nd7 13. Bxe7 Qxe7 14. axb5 axb5 15. Na3 Bc6 16. Nc2 c4 17. Nb4 Bb7 18. dxc4 bxc4 19. Qe2 Nb6 20. Nd2 Qe6 21. Bb1 g6 22. Bc2 f5 23. f3 d5 24. exd5 (24. Qe3 {seems wilder.} d4 25. cxd4 Qd6 26. exf5 exd4 27. Qe6+) 24... Nxd5 25. Nxd5 ({And not} 25. Nxc4 Nf4 26. Qxe5 Qxc4 $17 (26... Nxc4 $2 {loses.} 27. Qxf4 Nxb2 28. Rxa8 $18)) 25... Bxd5 {[%emt 0:00:35] The position is equal.} 26. Qe3 Nc6 27. Rxa8 Rxa8 28. Rb1 Rb8 29. Qc5 Ne7 30. b4 cxb3 31. Bxb3 Bxb3 32. Rxb3 Rxb3 33. Nxb3 Qxb3 34. Qxe7 Qxc3 $11 {[%emt 0:00:16] KQ-KQ} 35. Qe8+ Kg7 36. Qe7+ Kg8 37. Qe8+ Kg7 {[%emt 0:00:05] Weighted Error Value: White=0.07 (flawless) /Black=0.06 (flawless) .  Inaccurate:     	White=3     	Black=2      OK:         	White=13    	Black=9} 1/2-1/2

[Event "84th Georgian Championship 2025"]
[Site "Tbilisi"]
[Date "2025.02.07"]
[Round "5.5"]
[White "Paichadze, Luka"]
[Black "Mchedlishvili, Mikheil"]
[Result "1-0"]
[Annotator "TA"]
[ECO "C42"]
[WhiteElo "2532"]
[BlackElo "2568"]
[PlyCount "51"]
[EventDate "2025.02.03"]
[EventType "tourn"]
[EventCountry "GEO"]
[SourceTitle "playchess.com"]
[Source "ChessBase"]
[SourceQuality "1"]
[TimeControl "40/5400+30:1800+30"]

1. e4 e5 2. Nf3 Nf6 3. Nxe5 d6 4. Nf3 Nxe4 5. d4 d5 6. Bd3 Be7 7. O-O Bf5 {[%emt 0:00:44] Nowadays more popular than 7...Nc6.} 8. Re1 O-O 9. Nbd2 {[%emt 0:08:28] C42: Petroff Defence: 3 Nxe5 and unusual White 3rd moves.} Nd6 10. Nf1 c6 11. Ng3 {[%emt 0:00:56] The position is equal.} Bxd3 12. Qxd3 Na6 13. b3 Nc7 14. c4 $146 (14. Bd2 Re8 15. Re2 Bf8 16. Rae1 Rxe2 17. Rxe2 f6 18. h4 Qd7 19. h5 Re8 20. Rxe8 Ndxe8 {1-0 Abdusattorov,N (2713)-So,W (2760) Speed Chess Chess.com INT blitz 2022 (1.34)}) 14... Ne6 15. cxd5 cxd5 16. Re5 Nc8 {[%emt 0:14:13] [#]} 17. h4 $1 $40 {[%emt 0:11:15][%mdl 128] White has some attack.} Re8 18. Nf5 (18. Bd2 Bf6 19. Bg5 Bxg5 20. Nxg5 Nxg5 21. hxg5 Rxe5 22. dxe5 Ne7 23. Rd1) 18... Qd7 19. Bh6 gxh6 20. Nxh6+ Kg7 21. Rf5 {[%emt 0:02:21] Dodges Nf4} Nd8 ({Stronger than} 21... Kxh6 22. Rh5+ Kxh5 23. Qxh7+ Kg4 24. Nh2+ Kf4 25. g3#) (21... Nd6 $1 $11 22. Ne5 Qc8) 22. Ne5 $18 {[%emt 0:02:18][%csl LRd7,LRf7] White is clearly winning.} Qe6 23. Nhxf7 {[%emt 0:04:49] Black must now prevent Qg3+.} ({Less strong is} 23. Nexf7 Rf8 24. Nxd8 (24. Qg3+ Qg6 $11) 24... Bxd8 25. Rxf8 Kxf8 26. Qxh7 Nd6 27. Qh8+ Ke7 $14) 23... Bf6 {[%emt 0:03:36] [#]} (23... h6 $142 24. Nxd8 (24. Qg3+ Kh7 $18) 24... Bxd8 25. Qg3+ Kh8) 24. Rh5 $1 Kf8 {[%emt 0:01:09] [#]} 25. Qxh7 $1 Ne7 {[%emt 0:01:11] [#]} (25... Qxf7 26. Ng6+) 26. Rh6 $1 {[%emt 0:04:42] Weighted Error Value: White=0.07 (flawless) /Black=0.89  Loses game:     	---       	Black=1      Mistake:       	---       	Black=1      Inaccurate:     	White=1     	Black=1      OK:         	White=7     	Black=5      Best:        	---       	Black=4} 1-0